 Dungeon Crawl Stone Soup version 0.31-a0-640-g39d97e502b (webtiles) character file.

Game seed: 8846321273328185455

16 IndexError the Ruffian (level 2, 24/24 HPs)
             Began as a Troll Hedge Wizard on Aug 28, 2023.
             Was a Follower of Trog.
             Quit the game on level 1 of the Dungeon.
             The game lasted 00:01:11 (641 turns).

IndexError the Ruffian (Troll Hedge Wizard)          Turns: 641, Time: 00:01:12

Health: 24/24      AC:  4    Str: 17    XL:     2   Next: 41%
Magic:  4/4        EV:  9    Int: 10    God:    Trog [*.....]
Gold:   24         SH:  0    Dex:  9    Spells: 4/5 levels left

rFire   . .          .
                       - Unarmed
rCold   . . .        (no shield)
rNeg    . . .        b - +0 robe
rPois   .            c - +0 hat
rElec   .            (no cloak)
rCorr   .            (gloves unavailable)
SInv    .            (boots unavailable)
Will    .....        (no amulet)
Stlth   +            (no ring)
HPRegen 1.04/turn    (no ring)
MPRegen 0.09/turn

%: no passive effects
@: no status effects
A: large, unfitting armour, claws 3, regeneration 1, shaggy fur 1, tough skin 1
a: Renounce Religion, Berserk


You were on level 1 of the Dungeon.
You worshipped Trog.
Trog was aware of your devotion.
You visited 1 branch of the dungeon, and saw 1 of its levels.

You collected 24 gold pieces.

Inventory:

Hand Weapons
 e - a +0 dagger
   (You took it off a kobold on level 1 of the Dungeon)
 f - a +0 short sword
   (You took it off a kobold on level 1 of the Dungeon)
 h - a +0 club
   (You took it off a goblin on level 1 of the Dungeon)
 i - a +0 short sword
   (You took it off a kobold on level 1 of the Dungeon)
 j - a +0 dagger
   (You took it off a kobold on level 1 of the Dungeon)
 k - a +0 whip
   (You found it on level 1 of the Dungeon)
 n - a +0 dagger
   (You took it off a goblin on level 1 of the Dungeon)
Missiles
 m - 3 stones
Armour
 b - a +0 robe (worn)
 c - a +0 hat (worn)
Magical Staves
 l - a staff of air {rElec}
   (You found it on level 1 of the Dungeon)
Jewellery
 p - an amulet of magic regeneration
   (You found it on level 1 of the Dungeon)
Scrolls
 a - 2 scrolls of amnesia {unknown}
Potions
 d - a potion of magic
 g - a potion of heal wounds {unknown}
 o - a potion of haste {unknown}


   Skills:
 - Level 1.5 Dodging
 - Level 1.0 Stealth
 + Level 2.1 Unarmed Combat
 - Level 2.0 Spellcasting
 - Level 0.6 Conjurations
 - Level 0.6 Summonings
 - Level 0.6 Translocations


You had 4 spell levels left.
You knew the following spells:

 Your Spells              Type           Power      Damage    Failure   Level
a - Magic Dart            Conj           8%         1d3       24%         1

Your spell library contained the following spells:

 Spells                   Type           Power      Damage    Failure   Level
 Slow                     Hex            4%         N/A       30%         1
 Blink                    Tloc           4%         N/A       36%         2
 Call Imp                 Summ           4%         N/A       36%         2
 Cigotuvi's Dreadful Rot  Necr/Pois/Air  2%         N/A       43%         2
 Mephitic Cloud           Conj/Pois/Air  1%         N/A       65%         3


Dungeon Overview and Level Annotations

Branches:
Dungeon (1/15)

Altars:
Trog


Innate Abilities, Weirdness & Mutations

You are too large for most types of armour.
You have claws for hands.
Your natural rate of healing is unusually fast.
You are covered in fur. (AC +1)
You have tough skin. (AC +1)


Message History

Health restored: 16 The bat hits you but does no damage.
The bat barely misses you.
You claw the bat!
You have reached level 2!
Health restored: 24; MP restored: 4 No target in view!
No target in view!
A kobold comes into view. It is wielding a +0 short sword.
A kobold is nearby!
A kobold is nearby!
The kobold shouts!
You scratch the kobold. The kobold hits you but does no damage.
You claw the kobold!
No target in view!
f - a +0 short sword You see here a kobold corpse.
g - a fizzy inky potion You see here a bat corpse.
A goblin comes into view. It is wielding a +0 club.
The goblin shouts!
A goblin is nearby!
You closely miss the goblin. The goblin hits you but does no damage.
You barely miss the goblin. The goblin hits you but does no damage.
You claw the goblin!
No target in view!
h - a +0 club A ball python comes into view.
The ball python hisses angrily.
A ball python is nearby!
You claw the ball python!
No target in view!
No target in view!
A kobold comes into view. It is wielding a +0 short sword.
A kobold is nearby!
A kobold is nearby!
The kobold shouts!
The kobold closely misses you.
You scratch the kobold.
Your Unarmed Combat skill increases to level 2!
No target in view!
No target in view!
i - a +0 short sword A kobold comes into view.
It is wielding a +0 dagger.
A kobold is nearby!
A kobold is nearby!
The kobold shouts!
The kobold throws a stone.
The stone hits you.
You take 2 damage, and have 22/24 hp.
The kobold throws a stone.
The stone barely misses you.
Health restored: 24 The kobold throws a stone.
The stone misses you. The kobold hits you but does no damage.
You scratch the kobold. The kobold hits you with a +0 dagger.
You take 3 damage, and have 21/24 hp.
You claw the kobold!
No target in view!
j - a +0 dagger
Things that are here:
3 stones; a kobold corpse
k - a +0 whip Health restored: 24
l - a staff of air {rElec} A goblin comes into view.
It is wielding a +0 dagger.
A goblin is nearby!
Found a stone staircase leading down.
The goblin closely misses you.
You scratch the goblin. The goblin completely misses you.
You scratch the goblin. You closely miss the goblin.
The goblin hits you with a +0 dagger.
You take 3 damage, and have 21/24 hp.
You miss the goblin. The goblin completely misses you.
You barely miss the goblin. The goblin hits you but does no damage.
You closely miss the goblin. The goblin hits you but does no damage.
Health restored: 24 You scratch the goblin.
No target in view!
No target in view!
Search for what [? for help]? throw
Things that are here:
3 stones; a kobold corpse
m - 3 stones
n - a +0 dagger
o - a bubbling blue potion You now have 24 gold pieces (gained 12).
Found a faded altar of an unknown god.
There is a dry fountain here.
There is a dry fountain here.
p - an amulet of magic regeneration A giant cockroach comes into view.
A giant cockroach is nearby!
The giant cockroach bites you but does no damage.
You claw the giant cockroach!
No target in view!
No target in view!
Search for what [Enter for "throw", or ? for help]? alt
There is a faded altar of an unknown god here.
This altar belongs to (a) Nemelex Xobeh, (b) Jiyva or (c) Trog, but you can't tell which.
Press the corresponding letter to learn more about a god, or press enter to convert or escape to cancel.
Trog accepts your prayer! Trog welcomes you!
You can now go berserk at will.
Are you sure you want to abandon this character and quit the game? (Confirm with "yes".)

### # #.#########
##########..........
#..........#########
#......######### #
#⌠.@.⌠.........# #
#.....########.# #
#.....# #......# #
##...## #......# #
##..# #......# #
#..# #......# # #..#
######.# # #..#
#.##### #..# #.#....


There were no monsters in sight!

Vanquished Creatures
  3 bats (D:1)
  An endoplasm (D:1)
  A giant cockroach (D:1)
  2 goblins (D:1)
  4 kobolds (D:1)
  A quokka (D:1)
  A ball python (D:1)
  A rat (D:1)
14 creatures vanquished.

Notes
Turn   | Place    | Note
-------+----------+-------------------------------------------
     0 | D:1      | IndexError the Troll Hedge Wizard began the quest for the
                  | Orb.
     0 | D:1      | Reached XP level 1. HP: 16/16 MP: 2/2
   121 | D:1      | Reached skill level 1 in Unarmed Combat
   220 | D:1      | Reached XP level 2. HP: 24/24 MP: 4/4
   302 | D:1      | Reached skill level 2 in Unarmed Combat
   419 | D:1      | Found a faded altar of an unknown god.
   640 | D:1      | Prayed at the altar of an unknown god.
   640 | D:1      | Became a worshipper of Trog the Wrathful
   640 | D:1      | Reached * piety under Trog
   641 | D:1      | Quit the game

Illustrated notes

Levels and vault maps discovered:
D:1:      nagdon_arrival_double_spiral, layout_basic,
          hellmonk_ecumenical_altar_run_dry, minmay_octomino_c4

Skill      XL: |  1  2 |
---------------+-------+-----
Unarmed Combat | 1 2 |  2.1
Dodging        | |  1.5
Stealth        | |  1.0
Spellcasting   | |  2.0
Conjurations   | |  0.6
Summonings     | |  0.6
Translocations | |  0.6

Action                     || total
---------------------------++-------
  Melee: Unarmed           ||    37
         Punch             ||     1
   Stab: Sleeping          ||     1
 Armour: Robe              ||    19
  Dodge: Dodged            ||    23

Table legend: (Time is in decaauts)
 A = Elapsed time spent in this place.
 B = Non-inter-level travel time spent in this place.
 C = Inter-level travel time spent in this place.
 D = Time resting spent in this place.
 E = Time spent auto-exploring this place.
 F = Levels seen in this place.
 G = Mean time per level.
                   A        B        C        D        E       F      G
               +--------+--------+--------+--------+--------+-----+--------+
         Total |    639 |    557 |     82 |      0 |    461 |   1 |  639.0 |
       Dungeon |    639 |    557 |     82 |      0 |    461 |   1 |  639.0 |
               +--------+--------+--------+--------+--------+-----+--------+

Top non-repeatable levels by time:
     D:1: 639 daAuts

Levels and vault maps discovered:
D:1:      nagdon_arrival_double_spiral, layout_basic,
          hellmonk_ecumenical_altar_run_dry, minmay_octomino_c4

Table legend: (Time is in decaauts)
 A = Elapsed time spent in this place.
 B = Non-inter-level travel time spent in this place.
 C = Inter-level travel time spent in this place.
 D = Time resting spent in this place.
 E = Time spent auto-exploring this place.
 F = Levels seen in this place.
 G = Mean time per level.
                   A        B        C        D        E       F      G
               +--------+--------+--------+--------+--------+-----+--------+
         Total |    639 |    557 |     82 |      0 |    461 |   1 |  639.0 |
       Dungeon |    639 |    557 |     82 |      0 |    461 |   1 |  639.0 |
               +--------+--------+--------+--------+--------+-----+--------+

Top non-repeatable levels by time:
     D:1: 639 daAuts

Table legend:
 A = Kills in this place as a percentage of kills in the entire game.
 B = Kills by you in this place as a percentage of kills by you in the entire game.
 C = Kills by friends in this place as a percentage of kills by friends in the entire game.
 D = Other kills in this place as a percentage of other kills in the entire game.
 E = Experience gained in this place as a percentage of experience gained in the entire game.
 F = Experience gained in this place divided by the number of levels of this place that you have seen.
                   A       B       C       D       E      F
               +-------+-------+-------+-------+-------+----------------------
         Total | 100.0 | 100.0 |   N/A |   N/A | 100.0 |  24.0
       Dungeon | 100.0 | 100.0 |   N/A |   N/A | 100.0 |  24.0
               +-------+-------+-------+-------+-------+----------------------
